AoeStats
← mukosdrum

Yucatan

503542092Analyzed
2v2 RM · 1mo ago on Sep 1, 2026· 41m 30s· 4 players
Game mode
Random Map
Map size
Medium (4 player)
Population
200
Speed
Normal
Resources
Standard
Victory
Conquest
Starting age
Dark Age
Ending age
Imperial Age
RankedLock teamsTeams togetherTeam positionsShared explorationLock speedFull tech treeHidden civsTurbo modeCheats
Victory
Defeat
🇺🇸 Ethiopians · United States
1107
+18
🇺🇸 Gurjaras · United States
1105
+18
🇦🇷 Britons · Argentina
1157
-18
🇨🇴 Mongols · Colombia
1151
-18
WillrowHood
10:44 Feudal Age
15:15 Castle Age
13:28 Double-Bit Axe
13:26 Horse Collar
14:51 Loom
15:55 Fletching
16:18 Bow Saw
16:43 Gold Mining
21:38 Bodkin Arrow
22:39 Padded Archer Armor
22:18 Elite Skirmisher
27:38 Ballistics
28:18 Town Watch
28:50 Stone Mining
32:43 Wheelbarrow
32:55 Thumb Ring
34:12 Heavy Plow
37:33 Hand Cart
38:35 Town Patrol
43:21 Imperial Age
mukosdrum
6:00 Loom
9:13 Feudal Age
11:58 Fletching
12:25 Double-Bit Axe
15:18 Horse Collar
21:56 Castle Age
20:49 Padded Archer Armor
20:52 Gold Mining
22:07 Crossbowman
23:21 Bodkin Arrow
24:51 Ballistics
24:42 Masonry
24:51 Thumb Ring
25:13 Bow Saw
28:01 Leather Archer Armor
28:37 Gold Shaft Mining
33:09 Heavy Plow
39:38 Imperial Age
39:44 Wheelbarrow
39:39 Arbalester
42:00 Hand Cart
41:31 Town Watch
TVHG - Harold Barón
5:22 Loom
10:38 Feudal Age
12:38 Double-Bit Axe
12:37 Horse Collar
14:31 Scale Barding Armor
14:37 Forging
17:26 Wheelbarrow
24:22 Castle Age
25:47 Hand Cart
25:45 Bow Saw
33:22 Imperial Age
40:50 Heavy Scorpion
[ATARB]PELUCHE GUACHIN
6:19 Loom
9:11 Feudal Age
11:18 Double-Bit Axe
17:36 Castle Age
18:55 Crossbowman
19:25 Crossbowman
22:52 Fletching
23:35 Bodkin Arrow
25:37 Ballistics
25:18 Padded Archer Armor
35:02 Gold Mining
35:23 Light Cavalry
Connection lost

Rejoining the realm…

Still unreachable

The connection could not be restored.

Session expired

The server has moved on; the page needs a fresh start.